 Dungeon Crawl Stone Soup version 0.32-a0-918-g0f22ef8d61 (webtiles) character file.

Game seed: 10521051666072670277

19 KennySheep the Chopper (level 2, -2/27 HPs)
             Began as a Mountain Dwarf Cinder Acolyte on Apr 11, 2024.
             Was a High Priest of Ignis.
             Slain by a gnoll
             ... wielding a +2 flail of protection
              (8 damage)
             ... on level 1 of the Dungeon.
             The game lasted 00:00:58 (283 turns).

KennySheep the Chopper (MDCA)                        Turns: 283, Time: 00:00:58

Health: -2/27      AC:  3    Str: 16    XL:     2   Next: 55%
Magic:  3/3        EV: 10    Int: 14    God:    Ignis [*****.]
Gold:   37         SH:  0    Dex:  5    Spells: 1/3 levels left

rFire   + . .        a - -1 hand axe (flame)
rCold   . . .        (no shield)
rNeg    . . .        b - +0 robe
rPois   .            d - +0 helmet
rElec   .            (no cloak)
rCorr   .            (no gloves)
SInv    .            (no boots)
Will    .....        (no amulet)
Stlth   +            (no ring)
HPRegen 0.24/turn    (no ring)
MPRegen 0.08/turn

%: no passive effects
@: no status effects
A: runic magic, artefact enchanting
a: Renounce Religion, Fiery Armour, Foxfire Swarm, Rising Flame


You were on level 1 of the Dungeon.
You worshipped Ignis.
Ignis was extremely pleased with you.
You visited 1 branch of the dungeon, and saw 1 of its levels.

You collected 37 gold pieces.

Inventory:

Hand Weapons
 a - a -1 hand axe of flaming (weapon)
Armour
 b - a +0 robe (worn)
 d - a +0 helmet (worn)
Scrolls
 c - 2 scrolls of identify {unknown}
 e - a scroll of teleportation {unknown}
 g - a scroll of amnesia {unknown}
Potions
 f - a potion of curing {unknown}


   Skills:
 + Level 3.6 Fighting
 + Level 4.0 Axes
 + Level 1.2 Armour
 - Level 1.0 Spellcasting
 - Level 3.6 Fire Magic


You had one spell level left.
You knew the following spells:

 Your Spells              Type           Power      Damage    Failure   Level
a - Scorch                Fire           20%        2d5       9%          2

Your spell library contained the following spells:

 Spells                   Type           Power      Damage    Failure   Level


Dungeon Overview and Level Annotations

Branches:
Dungeon (1/15)

Altars:


Innate Abilities, Weirdness & Mutations

Your spellcasting is much less encumbered by armour.
You can use scrolls of enchantment on lesser artefacts.


Message History

You closely miss the kobold.
The kobold is severely wounded.
The kobold barely misses you.
You hit the kobold but do no damage.
The kobold is severely wounded.
The kobold barely misses you.
You hit the kobold but do no damage.
The kobold is severely wounded.
The kobold hits you with a +0 whip.
You hit the kobold. You burn the kobold.
You kill the kobold!
No target in view!
f - an orange potion
g - a scroll labelled TAAGUI NEMUES A gnoll comes into view.
It is wielding a +2 flail of protection.
The gnoll shouts!
A gnoll is nearby!
A gnoll is nearby!
The gnoll closely misses you.
You barely miss the gnoll. The gnoll barely misses you.
You hit the gnoll but do no damage. The gnoll closely misses you.
You hit the gnoll. You burn the gnoll.
The gnoll is heavily wounded.
The gnoll barely misses you.
You closely miss the gnoll.
The gnoll is heavily wounded.
The gnoll hits you with a +2 flail of protection.
You barely miss the gnoll.
The gnoll is heavily wounded.
The gnoll hits you with a +2 flail of protection.
You hit the gnoll but do no damage.
The gnoll is heavily wounded.
The gnoll hits you with a +2 flail of protection.
The gnoll hits you with a +2 flail of protection!
* * * LOW HITPOINT WARNING * * *
You hit the gnoll but do no damage.
The gnoll is heavily wounded.
The gnoll hits you with a +2 flail of protection!
You die...
Ignis goes out, and joins you in death.

##..# #.# #.##### ...##
..# #.....# ....# ###
######....## ###.####.##
#........## ...........
....##.#..##
......#.######## #.##.#
................##.##..#
+#.....>.........#.###.#
#♣............g@..# .#
##..............## .#
..............# .#
##..........!...#
+#♣...............#
'#...............##
).........#.....##
#....#### .##### ##....#


You could see a gnoll.

Vanquished Creatures
  2 bats (D:1)
  3 goblins (D:1)
  2 hobgoblins (D:1)
  2 quokkas (D:1)
  A ball python (D:1)
  5 kobolds (D:1)
  4 rats (D:1)
19 creatures vanquished.

Notes
Turn   | Place    | Note
-------+----------+-------------------------------------------
     0 | D:1      | KennySheep the Mountain Dwarf Cinder Acolyte began the
                  | quest for the Orb.
     0 | D:1      | Reached XP level 1. HP: 19/19 MP: 2/2
    53 | D:1      | Reached XP level 2. HP: 16/26 MP: 3/3
    57 | D:1      | Reached skill level 1 in Armour
    66 | D:1      | Learned a level 2 spell: Scorch
   106 | D:1      | Reached skill level 4 in Axes
   283 | D:1      | Slain by a gnoll

Illustrated notes

Levels and vault maps discovered:
D:1:      lemuel_arrival_muddy, layout_rooms, serial_shops,
          nicolae_shop_real_fake_doors

Skill      XL: |  1  2 |
---------------+-------+-----
Armour         | 1 |  1.2
Axes           | 4 |  4.0
Fighting       | |  3.6
Spellcasting   | |  1.0
Fire Magic     | |  3.6

Action                     || total
---------------------------++-------
  Melee: Hand axe          ||    52
 Invoke: Fiery Armour      ||     1
 Armour: Robe              ||    36
  Dodge: Dodged            ||    30

Table legend: (Time is in decaauts)
 A = Elapsed time spent in this place.
 B = Non-inter-level travel time spent in this place.
 C = Inter-level travel time spent in this place.
 D = Time resting spent in this place.
 E = Time spent auto-exploring this place.
 F = Levels seen in this place.
 G = Mean time per level.
                   A        B        C        D        E       F      G
               +--------+--------+--------+--------+--------+-----+--------+
         Total |    290 |    290 |      0 |      0 |    167 |   1 |  290.0 |
       Dungeon |    290 |    290 |      0 |      0 |    167 |   1 |  290.0 |
               +--------+--------+--------+--------+--------+-----+--------+

Top non-repeatable levels by time:
     D:1: 290 daAuts
